 Dungeon Crawl Stone Soup version 0.16-a0-1009-g0339a9e (webtiles) character file.

896 Kashira the Chiller (level 7, 30/30 HPs)
             Began as a Felid Ice Elementalist on Oct 3, 2014.
             Quit the game on Level 7 of the Dungeon.
             The game lasted 00:32:51 (10883 turns).

Kashira the Chiller (Felid Ice Elementalist)       Turns: 10883, Time: 00:32:51

HP  30/30        AC  2     Str  8      XL: 7   Next: 78%
MP  23/23        EV 18     Int 16      God:
Gold 321         SH  0     Dex 17      Spells:  5 memorised,  4 levels left
Lives: 1, deaths: 1

rFire  . . .     SeeInvis +     (weapon unavailable)
rCold  . . .     Clarity  .     (armour unavailable)
rNeg   . . .     rCorr    .     (shield unavailable)
rPois  .         rRot     .     (helmet unavailable)
rElec  .         Spirit   .     (cloak unavailable)
SustAb .         Warding  .     (gloves unavailable)
rMut   .         Stasis   .     (boots unavailable)
Gourm  .                        (no amulet)
MR     +....                    (no ring)
                                (no ring)

@: quick, somewhat resistant to hostile enchantments, fairly stealthy
A: paw claws, no armour, no weapons or thrown items, fangs 3, see invisible,
carnivore 3, speed 1, shaggy fur 2, slow metabolism 1, strong 1, jump 2
a: Jump Attack


You were on level 7 of the Dungeon.
You were not hungry.

You visited 2 branches of the dungeon, and saw 8 of its levels.

You collected 321 gold pieces.

Inventory:

Magical devices
 t - a wand of enslavement (7)
Comestibles
 c - 8 meat rations
Scrolls
 a - a scroll of teleportation {unknown}
 d - 2 scrolls of enchant weapon {unknown}
 g - 2 scrolls of enchant armour {unknown}
 h - 2 scrolls of remove curse {unknown}
 i - 3 scrolls of fog {unknown}
 k - 2 scrolls of magic mapping {unknown}
 m - 2 scrolls of fear {unknown}
 n - a scroll of recharging {unknown}
 r - a scroll of amnesia {unknown}
 s - 2 scrolls of immolation {unknown}
 w - a scroll of identify
Potions
 e - 7 potions of curing
 f - 2 potions of brilliance
 j - 3 potions of agility
 l - a potion of magic {unknown}
 o - 2 potions of haste
 p - a potion of heal wounds {unknown}
 q - a potion of berserk rage {unknown}
 u - 2 potions of resistance
 x - a potion of might {unknown}
 z - a potion of cure mutation {unknown}
 A - a potion of decay {unknown}
Books
 b - a book of Frost

   Spells                             Type                      Level
   *Freeze                            Ice                          1
   *Throw Frost                       Conjuration/Ice              2
   *Ozocubu's Armour                  Charms/Ice                   3
   *Throw Icicle                      Conjuration/Ice              4
   Summon Ice Beast                   Ice/Summoning                4
   *Condensation Shield               Ice                          4
 v - a book of Transfigurations

   Spells                             Type                      Level
   Stoneskin                          Transmutation/Earth          2
   Ice Form                           Ice/Transmutation            4
   Statue Form                        Transmutation/Earth          6
   Dragon Form                        Transmutation                7


   Skills:
 - Level 2.0 Fighting
 - Level 2.9 Dodging
 - Level 2.9 Stealth
 - Level 6.2 Spellcasting
 - Level 5.0 Conjurations
 + Level 6.9 Ice Magic


You had 4 spell levels left.
You knew the following spells:

 Your Spells              Type           Power        Failure   Level  Hunger
a - Freeze                Ice            ####         1%          1    None
b - Throw Frost           Conj/Ice       ###...       1%          2    None
c - Ozocubu's Armour      Chrm/Ice       ###.....     12%         3    ###....
d - Condensation Shield   Ice            ####......   12%         4    ####...
e - Throw Icicle          Conj/Ice       ###.....     12%         4    ####...


Dungeon Overview and Level Annotations

Branches:
Dungeon (7/15)             Temple (1/1) D:5

Altars:
Ashenzari
Cheibriados
Dithmenos
Elyvilon
Fedhas
Gozag
Kikubaaqudgha
Makhleb
Okawaru
Ru
Sif Muna
Trog
Vehumet
Xom
Zin
The Shining One

Annotations:
D:6 Grinder


Innate Abilities, Weirdness & Mutations

You cannot wear armour.
You are incapable of wielding weapons or throwing items.
Your paws have sharp claws.
You have razor-sharp teeth.
You have supernaturally acute eyesight.
You are carnivorous and can eat meat at any time.
You cover ground quickly.
You are covered in thick fur (AC +2).
You have a slow metabolism.
You can jump attack at a medium distance.
Your muscles are strong. (Str +2)


Message History

Aiming: Freeze
Press: ? - help, Shift-Dir - straight line, f/p - wraith
Aim: a wraith (almost destroyed)
Okay, then.
Press: ? - help, v - describe, . - travel
Here: a wraith (almost destroyed)
The floor.
You completely miss the wraith. You bite the wraith, but do no damage.
The wraith is almost destroyed.
The wraith hits you!
You die...
The wraith drains your vigor!
You feel as though you will be slow longer.
The wraith hits you. The wraith drains your vigor!
You feel as though you will be slow longer.
You are now level 7!
You rejoin the land of the living...
Found three items.
Found three altars.
An ogre comes into view. It is wielding a giant club.
Are you sure you want to abandon this character and quit the game? (Confirm with "yes".)

## # .# ..#. .#
#..#. '###
(..?..### #
.≈≈##
.#.......#.#
.≈≈≈#
......._.#.#
..≈≈#
..........+##
_.≈≈#
#._..8......##
..≈≈#
#......@...O.#
≈≈≈≈#
#..............#
≈≈≈##
....._.........
####
...............
...###.........
. ##..[....
##..... #...


You could see an ogre (sleeping).

Vanquished Creatures
  A hippogriff (D:6)
  A giant frog (D:6)
  A sky beast (D:6)
  3 ogres
  A scorpion (D:6)
  2 goliath beetles (D:6)
  7 crimson imps
  2 orc priests (D:6)
  8 worker ants
  A hound (D:4)
  5 orc wizards (D:6)
  2 iguanas
  An ogre skeleton (D:5)
  A mummy (D:6)
  A gnoll (D:5)
  9 adders
  2 giant mites
  A shadow imp (D:4)
  4 worms
  An adder zombie (D:5)
  7 giant geckos
  An ooze (D:3)
  8 orcs
  2 ball pythons
  10 bats
  A bat skeleton (D:4)
  6 giant cockroaches
  13 hobgoblins
  7 jackals
  12 kobolds
  4 giant newts
  14 goblins
  A goblin zombie (D:5)
  A hobgoblin skeleton (D:6)
  2 hobgoblin zombies (D:6)
  A jackal skeleton (D:6)
  2 orc skeletons
  4 quokkas
  30 rats
180 creatures vanquished.

Vanquished Creatures (collateral kills)
  A phantom (D:6)
  An orc (D:6)
  A rat (D:6)
3 creatures vanquished.

Grand Total: 183 creatures vanquished

Notes
Turn   | Place    | Note
--------------------------------------------------------------
     0 | D:1      | Kashira, the Felid Ice Elementalist, began the quest for the Orb.
     0 | D:1      | Reached XP level 1. HP: 7/7 MP: 4/4
    80 | D:1      | Reached skill level 3 in Ice Magic
    80 | D:1      | Reached XP level 2. HP: 9/11 MP: 0/5
   270 | D:1      | Learned a level 2 spell: Throw Frost
   349 | D:1      | Reached skill level 1 in Conjurations
   852 | D:2      | Reached XP level 3. HP: 1/14 MP: 0/8
  1720 | D:2      | Learned a level 3 spell: Ozocubu's Armour
  2150 | D:3      | Reached XP level 4. HP: 12/18 MP: 8/11
  2545 | D:3      | Found a blossoming altar of Fedhas.
  2595 | D:3      | Found a shimmering altar of Xom.
  2609 | D:3      | Reached skill level 4 in Spellcasting
  2609 | D:3      | Reached XP level 5. HP: 14/21 MP: 0/16
  2809 | D:3      | Found an iron altar of Okawaru.
  3277 | D:3      | Found a snail-covered altar of Cheibriados.
  3414 | D:3      | Learned a level 4 spell: Condensation Shield
  3510 | D:3      | Reached skill level 5 in Spellcasting
  3510 | D:3      | Gained mutation: You are covered in thick fur (AC +2). [growing up]
  3510 | D:3      | Gained mutation: You can jump attack at a medium distance. [growing up]
  3510 | D:3      | Reached XP level 6. HP: 14/24 MP: 5/20
  4343 | D:4      | Learned a level 4 spell: Throw Icicle
  4863 | D:4      | Noticed an ogre
  4872 | D:4      | Killed an ogre
  5055 | D:4      | Found a burning altar of Makhleb.
  5245 | D:5      | Entered Level 5 of the Dungeon
  5260 | D:5      | Reached XP level 7. HP: 27/27 MP: 17/22
  6140 | D:5      | Found a staircase to the Ecumenical Temple.
  6160 | Temple   | Entered the Ecumenical Temple
  7440 | D:6      | Reached skill level 5 in Conjurations
  8130 | D:6      | Reached XP level 8. HP: 31/31 MP: 20/23
  8295 | D:6      | Noticed Grinder
  8332 | D:6      | Reached skill level 5 in Ice Magic
  8343 | D:6      | Gained mutation: Your muscles are strong. (Str +2) [mutagenic meat]
  9149 | D:6      | Reached skill level 6 in Ice Magic
  9284 | D:6      | Reached skill level 1 in Fighting
 10667 | D:7      | Found a deep blue altar of Sif Muna.
 10685 | D:7      | Found a glowing silver altar of Zin.
 10882 | D:7      | Slain by a wraith
 10883 | D:7      | Reached XP level 7. HP: -1/30 MP: 2/23
 10883 | D:7      | Found a shimmering altar of Xom.
 10883 | D:7      | Found an opulent altar of Gozag.
 10883 | D:7      | Found a deep blue altar of Sif Muna.
 10883 | D:7      | Quit the game

Action                   |  1- 3 |  4- 6 |  7- 9 || total
-------------------------+-------+-------+-------++-------
Melee: Unarmed           |    21 |    22 |    18 ||    61
 Cast: Freeze            |    61 |    85 |    59 ||   205
       Throw Frost       |    17 |    92 |   102 ||   211
       Ozocubu's Armour  |       |     2 |     1 ||     3
       Condensation Shie |       |     1 |     1 ||     2
       Throw Icicle      |       |       |    67 ||    67
 Abil: Jump Attack       |     2 |       |       ||     2
Evoke: Wand              |       |       |     6 ||     6
  Use: Potion            |     1 |       |       ||     1
       Scroll            |       |     2 |     1 ||     3
 Stab: Sleeping          |       |     1 |       ||     1
  Eat: Chunk             |     9 |    10 |    21 ||    40
